 Dungeon Crawl Stone Soup version 0.31-a0-986-g5e6e4ef867 (webtiles) character file.

Game seed: 13296585217653925832

472 timneilson the Ruffian (level 7, -2/46 HPs)
             Began as an Octopode Shapeshifter on Nov 11, 2023.
             Slain by a gnoll
             ... wielding a +0 whip
              (6 damage)
             ... on level 3 of the Dungeon.
             The game lasted 00:06:38 (2516 turns).

timneilson the Ruffian (Octopode Shapeshifter)      Turns: 2516, Time: 00:06:39

Health: -2/46      AC:  1    Str: 15    XL:     7   Next: 9%
Magic:  10/10      EV: 13    Int: 13    God:
Gold:   113        SH:  0    Dex: 11    Spells: 9/10 levels left

rFire   . .          .
                       - Unarmed
rCold   . . .        (no shield)
rNeg    . . .        (helmet currently unavailable)
rPois   .            (no amulet)
rElec   .            (no ring)
rCorr   .            (no ring)
SInv    .            (no ring)
Will    .....        (no ring)
Stlth   +++          (no ring)
HPRegen 0.27/turn    (no ring)
MPRegen 0.12/turn    (no ring)
                     (no ring)

%: no passive effects
@: beast-form, studying Spellcasting
A: beast (slay +2), almost no armour, amphibious, 8 rings, camouflage 1,
gelatinous body 1, (nimble swimmer 1), tentacles
a: Begin Untransformation


You were on level 3 of the Dungeon.
You were a hulking beast.
You visited 1 branch of the dungeon, and saw 4 of its levels.

You collected 113 gold pieces.

Inventory:

Talismans
 b - a beast talisman
 c - a flux talisman
Wands
 k - a wand of iceblast (7)
Scrolls
 d - a scroll of fog
Potions
 a - a potion of lignification
 i - a potion of cancellation


   Skills:
 * Level 3.0 Fighting
 * Level 3.5 Dodging
 + Level 2.7 Stealth
 * Level 4.2 Unarmed Combat
 + Level 2.3 Spellcasting
 + Level 1.1 Translocations
 + Level 1.3 Evocations
 * Level 4.0 Shapeshifting


You had 9 spell levels left.
You knew the following spells:

 Your Spells              Type           Power      Damage    Failure   Level
a - Apportation           Tloc           8%         N/A       16%         1

Your spell library contained the following spells:

 Spells                   Type           Power      Damage    Failure   Level
 Necrotise                Necr           4%         1d4       24%         1
 Summon Small Mammal      Summ           4%         N/A       24%         1
 Inner Flame              Hex/Fire       1%         N/A       58%         3
 Flame Wave               Conj/Fire      1%         2d4       94%         4
 Sticky Flame             Conj/Fire      1%         2d3       94%         4


Dungeon Overview and Level Annotations

Branches:
Dungeon (4/15)
 Temple: D:4-7

Altars:
Cheibriados
Uskayaw
Vehumet
The Shining One


Innate Abilities, Weirdness & Mutations

You are a hulking beast.
Your limbs bulge with bestial killing power. (Slay +2)
You cannot wear most types of armour.
You are amphibious.
You can wear up to eight rings at the same time.
Your skin changes colour to match your surroundings (Stealth+).
Your rubbery body absorbs attacks. (AC +1, EV +1)
((You are camouflaged when in or above water. (Stealth+)))
You have tentacles for arms and can constrict up to eight enemies at once.


Message History

The hobgoblin is heavily wounded.
You constrict the hobgoblin. The hobgoblin barely misses you.
You tentacle-slap the hobgoblin.
You kill the hobgoblin!
There is a stone staircase leading down, spattered with blood here.
Items here: )) †††.
You climb downwards.
The gnoll hits you with a +0 whip! The gnoll closely misses you.
The gnoll misses you. The gnoll closely misses you.
The dart slug launches a dart at you. The slug dart hits you.
There is a stone staircase leading up here.
The gnoll hits you with a +0 whip!
* * * LOW HITPOINT WARNING * * *
The gnoll hits you with a +0 whip.
* * * LOW HITPOINT WARNING * * *
You climb upwards.
There is a stone staircase leading down, spattered with blood here.
Items here: )) †††.
The gnoll attacks as it pursues you! The gnoll hits you with a +0 whip.
* * * LOW HITPOINT WARNING * * *
You feel better. The gnoll barely misses you.
You tentacle-slap the gnoll. You grab the gnoll.
You squeeze the gnoll, but do no damage.
The gnoll is heavily wounded.
You constrict the gnoll, but do no damage.
The gnoll hits you with a +0 whip.
* * * LOW HITPOINT WARNING * * *
You bludgeon the gnoll!
You kill the gnoll!
You closely miss the gnoll. You grab the gnoll. You constrict the gnoll.
The gnoll hits you with a +0 whip.
* * * LOW HITPOINT WARNING * * *
You tentacle-slap the gnoll.
The gnoll is heavily wounded.
You constrict the gnoll. The gnoll barely misses you.
You tentacle-slap the gnoll but do no damage.
The gnoll is heavily wounded.
You constrict the gnoll. The gnoll hits you with a +0 whip.
You die...

###..#.#############...'..#.. ###
#...%#.#### #.####.#_.
..###....#....# #.# #.###
#.....#######.# #.# #.###
#####....#....##########.####..#.
.........#.......#..........##...
...##.##.#..##.....####..######.#
##..#.##....####g### #.## #_#
.##...#####.# #h# #.#########
..#.#.# #.# #.# #.........#
#.#.#.# #.# #.# #########.#
....#.# #.# #.# #.# #.#.#.#
#.####.# #.# ..#.#.# #......# #.#
.##.#.# ##..##### ##.# ##....#
#...# #..# .).#### #.#.# #.##


You could see a gnoll.

Vanquished Creatures
  Grinder (D:3)
  An orc priest (D:3)
  Natasha (thrice) (D:2)
  Robin (D:3)
  7 gnolls (D:3)
  An adder (D:2)
  2 worms (D:2)
  2 dart slugs (D:3)
  5 orcs (D:3)
  2 endoplasms
  A giant cockroach (D:2)
  9 hobgoblins
  3 jackals
  4 kobolds
  A quokka (D:3)
  11 ball pythons
  8 bats
  2 frilled lizards
  11 goblins
  5 rats
80 creatures vanquished.

Notes
Turn   | Place    | Note
-------+----------+-------------------------------------------
     0 | D:1      | timneilson the Octopode Shapeshifter began the quest for
                  | the Orb.
     0 | D:1      | Reached XP level 1. HP: 13/13 MP: 1/1
   262 | D:1      | Reached XP level 2. HP: 18/18 MP: 2/2
   418 | D:1      | Identified a scroll of acquirement
   418 | D:1      | Acquired a manual of Spellcasting
   464 | D:2      | Noticed Natasha
   467 | D:2      | Killed Natasha
   468 | D:2      | Reached skill level 1 in Stealth
   468 | D:2      | Reached XP level 3. HP: 23/23 MP: 2/4
   475 | D:2      | Noticed Natasha
   482 | D:2      | Killed Natasha
   483 | D:2      | Reached skill level 1 in Spellcasting
   483 | D:2      | Reached XP level 4. HP: 17/29 MP: 3/5
   669 | D:2      | Noticed Natasha
   674 | D:2      | Killed Natasha
   805 | D:2      | Found a glowing golden altar of the Shining One.
  1251 | D:3      | Noticed Robin
  1254 | D:3      | Reached XP level 5. HP: 34/34 MP: 7/7
  1265 | D:3      | Killed Robin
  1363 | D:3      | Learned a level 1 spell: Apportation
  1782 | D:3      | Reached XP level 6. HP: 21/41 MP: 8/8
  2050 | D:3      | Found a faded altar of an unknown god.
  2050 | D:3      | Found a faded altar of an unknown god.
  2058 | D:3      | Found a snail-covered altar of Cheibriados.
  2060 | D:3      | Found a hide-covered altar of Uskayaw.
  2061 | D:3      | Found a radiant altar of Vehumet.
  2180 | D:3      | Noticed Grinder
  2191 | D:3      | Killed Grinder
  2192 | D:3      | Reached skill level 1 in Translocations
  2192 | D:3      | Reached skill level 1 in Evocations
  2192 | D:3      | Reached XP level 7. HP: 45/45 MP: 8/10
  2516 | D:3      | Slain by a gnoll

Illustrated notes

Levels and vault maps discovered:
D:1:      lemuel_arrival_funnel, layout_rooms
D:2:      layout_loops_ring, basic_altar, uniq_natasha
D:3:      layout_loops_ring, chequers_temple_overflow_minitemple,
          minmay_box_of_dots, uniq_robin, uniq_grinder
D:4:      kennysheep_slugbush, layout_basic, zin_statuary, grunt_ministairs_2,
          chequers_avenue

Skill      XL: |  1  2  3  4  5  6  7 |
---------------+----------------------+-----
Stealth        | 1 2 |  2.7
Spellcasting   | 1 2 |  2.3
Fighting       | 2 3 |  3.0
Dodging        | 3 |  3.5
Unarmed Combat | 4 |  4.2
Translocations | 1 |  1.1
Evocations     | 1 |  1.3
Shapeshifting  | 4 |  4.0

Action                     |  1- 3 |  4- 6 |  7- 9 || total
---------------------------+-------+-------+-------++-------
  Melee: Unarmed           |    21 |   102 |    18 ||   141
         Punch             |     2 |     3 |       ||     5
         Tentacles         |     3 |    21 |     6 ||    30
         Constrict         |     4 |    25 |     7 ||    36
  Evoke: Wand              |       |     7 |       ||     7
    Use: Scroll            |     6 |     2 |     7 ||    15
         Potion            |       |       |     1 ||     1
   Stab: Sleeping          |     3 |     7 |       ||    10
         Distracted        |       |     1 |       ||     1
 Armour: Skin              |     8 |    38 |    19 ||    65
  Dodge: Dodged            |     5 |    53 |    27 ||    85

Table legend: (Time is in decaauts)
 A = Elapsed time spent in this place.
 B = Non-inter-level travel time spent in this place.
 C = Inter-level travel time spent in this place.
 D = Time resting spent in this place.
 E = Time spent auto-exploring this place.
 F = Levels seen in this place.
 G = Mean time per level.
                   A        B        C        D        E       F      G
               +--------+--------+--------+--------+--------+-----+--------+
         Total |   2508 |   2388 |    120 |    213 |   1625 |   4 |  627.0 |
       Dungeon |   2508 |   2388 |    120 |    213 |   1625 |   4 |  627.0 |
               +--------+--------+--------+--------+--------+-----+--------+

Top non-repeatable levels by time:
     D:3: 1257 daAuts
     D:2: 785 daAuts
     D:1: 451 daAuts
     D:4: 14 daAuts
